 Dungeon Crawl Stone Soup version 0.26.1-2-gb8aa6d0cf2 (webtiles) character file.

Game seed: 17309340651577596430

1201 RuneRaider the Skirmisher (level 8, -11/67 HPs)
             Began as a Gnoll Wanderer on Feb 12, 2021.
             Mangled by a komodo dragon (28 damage)
             ... on level 4 of the Dungeon.
             The game lasted 00:35:11 (7104 turns).

RuneRaider the Skirmisher (Gnoll Wanderer)          Turns: 7104, Time: 00:35:12

Health: -11/67     AC:  3    Str: 16    XL:     8   Next: 44%
Magic:  8/12       EV: 14    Int: 14    God:
Gold:   231        SH:  0    Dex: 16    Spells: 6/13 levels left

rFire    . . .     SeeInvis .   q - +2 dagger (venom)
rCold    . . .     Faith    .   (no shield)
rNeg     . . .     Spirit   .   e - +0 robe
rPois    .         Reflect  .   (no helmet)
rElec    .         Harm     .   (no cloak)
rCorr    .         Rampage  .   (no gloves)
Will     .....                  r - +0 pair of boots
Stlth    +++.......             (no amulet)
HPRegen  0.21/turn              (no ring)
MPRegen  0.13/turn              (no ring)

@: very slightly contaminated
A: distributed training, fangs 1, strong nose
a: no special abilities


You were on level 4 of the Dungeon.
You visited 1 branch of the dungeon, and saw 6 of its levels.

You collected 231 gold pieces.

Inventory:

Hand Weapons
 a - a +2 mace
 b - a +0 hand crossbow
 q - a +2 dagger of venom (weapon)
Missiles
 d - 50 bolts
 f - a poisoned dart (quivered)
 h - 188 stones
 i - 82 arrows
 k - 8 boomerangs
 l - 2 atropa-tipped darts
 o - 2 curare-tipped darts
Armour
 e - a +0 robe (worn)
 n - a cursed +0 scale mail
 p - a cursed +0 robe
 r - a +0 pair of boots (worn)
Jewellery
 u - a +4 ring of evasion
 z - an uncursed ring of stealth {unknown}
Wands
 j - a wand of polymorph (6)
Scrolls
 s - a scroll of amnesia
 t - 3 scrolls of enchant weapon
 w - a scroll of fear
 y - a scroll of enchant armour {unknown}
 B - a scroll of summoning {unknown}
 C - a scroll of remove curse {unknown}
 D - a scroll of teleportation
Potions
 c - 4 potions of curing {@q1}
 g - a potion of heal wounds {unknown}
 m - a potion of berserk rage
 v - a potion of might
 x - a potion of brilliance
 A - a potion of magic


   Skills:
 + Level 7.4 Fighting
 + Level 3.2 Short Blades
 + Level 3.2 Long Blades
 + Level 3.2 Axes
 + Level 5.7 Maces & Flails
 + Level 3.2 Polearms
 + Level 3.2 Staves
 + Level 3.2 Slings
 + Level 3.2 Bows
 + Level 5.7 Crossbows
 + Level 3.2 Throwing
 + Level 4.2 Armour
 + Level 3.2 Dodging
 + Level 4.1 Stealth
 + Level 3.2 Shields
 + Level 3.2 Unarmed Combat
 + Level 3.2 Spellcasting
 + Level 2.6 Conjurations
 + Level 2.6 Hexes
 + Level 2.6 Summonings
 + Level 2.6 Necromancy
 + Level 2.6 Translocations
 + Level 2.6 Transmutations
 + Level 2.6 Fire Magic
 + Level 2.6 Ice Magic
 + Level 2.6 Air Magic
 + Level 2.6 Earth Magic
 + Level 2.6 Poison Magic
 + Level 3.6 Invocations
 + Level 4.2 Evocations


You had 6 spell levels left.
You knew the following spells:

 Your Spells              Type           Power        Failure   Level
a - Magic Dart            Conj           36%          7%          1
b - Blink                 Tloc           N/A          11%         2
c - Mephitic Cloud        Conj/Pois/Air  9%           22%         3
d - Summon Small Mammal   Summ           36%          7%          1

Your spell library contained the following spells:

 Spells                   Type           Power        Failure   Level
 Animate Skeleton         Necr           18%          7%          1
 Apportation              Tloc           18%          7%          1
 Corona                   Hex            10%          7%          1
 Call Imp                 Summ           9%           11%         2
 Slow                     Hex            9%           11%         2
 Conjure Flame            Conj/Fire      9%           22%         3


Dungeon Overview and Level Annotations

Branches:
Dungeon (6/15)
 Temple: D:4-7

Altars:
Cheibriados
Dithmenos
Nemelex Xobeh
Ru
Uskayaw
Zin

Annotations:
D:5 Edmund
D:6 Maggie, Menkaure


Innate Abilities, Weirdness & Mutations

Your experience applies equally to all skills.
You have very sharp teeth.
Your uncanny sense of smell can sniff out nearby items.


Message History

An orc wizard comes into view. It is wielding a +0 dagger.
The orc priest miscasts a cantrip.
The quokka completely misses you.
As you read the scroll of teleportation, it crumbles to dust.
You feel strangely unstable.
An orc comes into view. It is wielding a +0 short sword.
The quokka bites you.
You completely miss the orc priest. The orc priest hits you with a +0 club.
The quokka closely misses you.
The orc shouts!
You hit the orc priest.
The orc priest is lightly wounded.
The quokka bites you but does no damage.
The orc priest hits you but does no damage.
You barely miss the orc priest.
The orc priest is lightly wounded.
The quokka misses you.
You hit the orc priest.
The orc priest is poisoned.
The orc priest is heavily wounded.
Your surroundings suddenly seem different.
A komodo dragon is nearby!
The orc throws a stone.
The stone barely misses you.
The orc throws a stone.
The stone hits you.
You see here a stone.
You feel a bit more experienced.
The orc throws a stone.
The stone hits you but does no damage.
You see here a stone.
You see here a stone.
The orc wizard casts a spell at you. The puff of flame misses you.
You see here a stone.
The komodo dragon hisses angrily.
You see here a +0 shortbow.
Things that are here:
a +1 vorpal long sword; a +0 shortbow; a centaur skeleton The komodo dragon completely misses you.
There is a stone staircase leading up, spattered with blood here.
The komodo dragon bites you!!
You climb upwards.
There is a stone staircase leading down here.
The komodo dragon hisses menacingly.
Cast which spell? (? or * to list)
You blink.
The komodo dragon bites you!!
* * * LOW HITPOINT WARNING * * *
Casting: Blink (safe; 11% risk of failure)
Confirm with . or Enter, or press ? or * to list all spells.
You miscast Blink.
You are very lightly contaminated with residual magic.
Nothing appears to happen.
The komodo dragon bites you!!
You die...

###### ######....# .....#
#..<.#....# .....#
#####....#....# .....#
#.............# ....<#
#.###.........# .....#
#.###.........# .....#
#.............# .....####
######...#....#....# ........#
#....@l..######.#### #######.#
#........######.#
......#.####...............#
#####......#.......#.###########
#......#.......#.# #.......# ##
#..............#.# #.......#
.####..............#.# #.......#
............)#######.# #.......#
.##....###...# #.###.......#


You could see a komodo dragon.

Vanquished Creatures
  A water moccasin (D:6)
  A sky beast (D:5)
  3 centaurs (D:5)
  An ogre (D:4)
  A bullfrog (D:6)
  A howler monkey (D:4)
  A bullfrog zombie (D:6)
  2 hounds (D:6)
  An orc wizard (D:5)
  2 orc priests
  2 iguanas (D:5)
  A bullfrog skeleton (D:4)
  3 worker ants
  A killer bee zombie (D:6)
  Robin (D:2)
  6 adders
  2 white imps (D:5)
  3 oozes
  An adder zombie (D:6)
  A worm (D:6)
  4 dart slugs
  4 leopard geckos
  6 orcs
  9 bats
  3 giant cockroaches
  17 goblins
  9 hobgoblins
  13 jackals
  8 kobolds
  2 quokkas
  5 frilled lizards
  7 rats
122 creatures vanquished.

Vanquished Creatures (others)
  An orc wizard (D:6)
1 creature vanquished.

Grand Total: 123 creatures vanquished

Notes
Turn   | Place    | Note
-------+----------+-------------------------------------------
     0 | D:1      | RuneRaider the Gnoll Wanderer began the quest for the Orb.
     0 | D:1      | RuneRaider set off with the following items: a +2 mace, a
                  | potion of curing {@q1}, a +0 hand crossbow, 25 bolts, a +0
                  | robe
     0 | D:1      | Reached XP level 1. HP: 23/23 MP: 1/1
   171 | D:1      | Reached XP level 2. HP: 29/29 MP: 2/2
   530 | D:1      | Reached XP level 3. HP: 31/35 MP: 3/3
   918 | D:1      | Reached skill level 1 in Invocations
  1236 | D:2      | Reached skill level 1 in Short Blades
  1236 | D:2      | Reached skill level 1 in Long Blades
  1236 | D:2      | Reached skill level 1 in Axes
  1236 | D:2      | Reached skill level 1 in Polearms
  1236 | D:2      | Reached skill level 1 in Staves
  1236 | D:2      | Reached skill level 1 in Slings
  1236 | D:2      | Reached skill level 1 in Bows
  1236 | D:2      | Reached skill level 1 in Throwing
  1236 | D:2      | Reached skill level 1 in Dodging
  1236 | D:2      | Reached skill level 1 in Shields
  1236 | D:2      | Reached skill level 1 in Unarmed Combat
  1236 | D:2      | Reached skill level 1 in Spellcasting
  1249 | D:2      | Noticed Robin
  1263 | D:2      | Killed Robin
  1264 | D:2      | Reached XP level 4. HP: 41/41 MP: 5/5
  1328 | D:2      | Reached skill level 1 in Conjurations
  1328 | D:2      | Reached skill level 1 in Hexes
  1328 | D:2      | Reached skill level 1 in Summonings
  1328 | D:2      | Reached skill level 1 in Necromancy
  1328 | D:2      | Reached skill level 1 in Translocations
  1328 | D:2      | Reached skill level 1 in Transmutations
  1328 | D:2      | Reached skill level 1 in Fire Magic
  1328 | D:2      | Reached skill level 1 in Ice Magic
  1328 | D:2      | Reached skill level 1 in Air Magic
  1328 | D:2      | Reached skill level 1 in Earth Magic
  1328 | D:2      | Reached skill level 1 in Poison Magic
  1440 | D:2      | Found a sparkling altar of Nemelex Xobeh.
  1764 | D:2      | Reached XP level 5. HP: 47/47 MP: 6/6
  2392 | D:3      | Found a shadowy altar of Dithmenos.
  2392 | D:3      | Found a glowing silver altar of Zin.
  2956 | D:4      | Noticed an ogre
  3069 | D:4      | Killed an ogre
  3070 | D:4      | Reached XP level 6. HP: 53/53 MP: 8/8
  3147 | D:4      | Found a sacrificial altar of Ru.
  3465 | D:5      | Entered Level 5 of the Dungeon
  3473 | D:4      | Reached skill level 5 in Maces & Flails
  3473 | D:4      | Reached skill level 5 in Crossbows
  4110 | D:5      | Noticed a komodo dragon
  4225 | D:5      | Noticed an ice beast
  4308 | D:4      | Reached XP level 7. HP: 27/59 MP: 10/10
  4578 | D:5      | Learned a level 1 spell: Magic Dart
  4581 | D:5      | Learned a level 2 spell: Blink
  4585 | D:5      | Learned a level 3 spell: Mephitic Cloud
  4587 | D:5      | Learned a level 1 spell: Summon Small Mammal
  4611 | D:5      | Reached skill level 7 in Fighting
  5116 | D:6      | Noticed Menkaure
  5444 | D:6      | Reached XP level 8. HP: 56/67 MP: 12/12
  5554 | D:6      | Noticed Maggie
  5605 | D:6      | Found a snail-covered altar of Cheibriados.
  5787 | D:6      | Found a hide-covered altar of Uskayaw.
  5996 | D:6      | Identified the +7 war axe of Kismet {pain, +Inv}
  6194 | D:5      | Noticed Edmund
  7104 | D:4      | Mangled by a komodo dragon

Illustrated notes

Levels and vault maps discovered:
D:1:      shiori_arrival_oz, layout_loops_ring
D:2:      layout_rooms, nemelex_xobeh_ov_fountains_minmay, minmay_misc_feat_iff,
          kennysheep_generic_room_15, uniq_robin
D:3:      layout_loops_ring, gammafunk_temple_overflow_wave
D:4:      layout_basic, nicolae_ru_path_of_blood
D:5:      layout_loops_cross, minmay_bent, uniq_edmund, uniq_crazy_yiuf_cottage
D:6:      layout_basic, eat_drink_and_be_merry_uskayaw,
          minmay_temple_entry_statues_fountains, serial_shops,
          nicolae_shop_behind_doors, kennysheep_nub, cheibrodos_worm_habitat,
          uniq_menkaure, uniq_maggie

Skill      XL: |  1  2  3  4  5  6  7  8 |
---------------+-------------------------+-----
Invocations    | 1 2 3 |  3.6
Short Blades   | 1 2 3 |  3.2
Long Blades    | 1 2 3 |  3.2
Axes           | 1 2 3 |  3.2
Polearms       | 1 2 3 |  3.2
Staves         | 1 2 3 |  3.2
Slings         | 1 2 3 |  3.2
Bows           | 1 2 3 |  3.2
Throwing       | 1 2 3 |  3.2
Dodging        | 1 2 3 |  3.2
Shields        | 1 2 3 |  3.2
Unarmed Combat | 1 2 3 |  3.2
Spellcasting   | 1 2 3 |  3.2
Conjurations   | 1 2 |  2.6
Hexes          | 1 2 |  2.6
Summonings     | 1 2 |  2.6
Necromancy     | 1 2 |  2.6
Translocations | 1 2 |  2.6
Transmutations | 1 2 |  2.6
Fire Magic     | 1 2 |  2.6
Ice Magic      | 1 2 |  2.6
Air Magic      | 1 2 |  2.6
Earth Magic    | 1 2 |  2.6
Poison Magic   | 1 2 |  2.6
Armour         | 3 4 |  4.2
Evocations     | 3 4 |  4.2
Stealth        | 3 4 |  4.1
Maces & Flails | 5 |  5.7
Crossbows      | 5 |  5.7
Fighting       | 7 |  7.4

Action                   |  1- 3 |  4- 6 |  7- 9 || total
-------------------------+-------+-------+-------++-------
Melee: Mace              |    65 |    30 |    24 ||   119
       Unarmed           |     4 |     9 |       ||    13
       Bite              |     4 |     8 |    16 ||    28
       Dagger            |       |    50 |    89 ||   139
 Fire: Hand crossbow     |     5 |    24 |    44 ||    73
Throw: Dart              |       |    22 |    15 ||    37
 Cast: Blink             |       |       |     1 ||     1
  Use: Scroll            |     3 |     5 |     5 ||    13
       Potion            |     3 |       |       ||     3
 Stab: Sleeping          |     7 |     6 |     1 ||    14
Armor: Robe              |    15 |    13 |    16 ||    44
       Skin              |     3 |     5 |       ||     8
Dodge: Dodged            |    33 |    63 |    87 ||   183
